 Dungeon Crawl Stone Soup version 0.27-a0-1144-g0b7d3b79db (webtiles) character file.

Game seed: 2034912077788898974

20564 robertstho the Eclecticist (level 12, -7/78 HPs)
             Began as a Djinni Fire Elementalist on May 10, 2021.
             Was a Follower of Ashenzari.
             Mangled by a boulder beetle (55 damage)
             ... on level 12 of the Dungeon.
             The game lasted 00:22:08 (12392 turns).

robertstho the Eclecticist (DjFE)                  Turns: 12392, Time: 00:22:10

Health: -7/78      AC:  9    Str:  7    XL:     12   Next: 80%
Gold:   595        EV: 15    Int: 21    God:    Ashenzari [*.....] SH:  0 Dex: 15

rFire    + + +     SeeInvis .   u - +4 dagger (venom)
rCold    x . .     Faith    .   (no shield)
rNeg     . . .     Spirit   .   m - +2 robe "Oblivion of Ashenzari" {rF+, Range, Self} (curse)
rPois    ∞         Reflect  .   (no helmet)
rElec    .         Harm     .   a - +0 cloak "Pleiades of the Sphere" {Fort, Self} (curse)
rCorr    .         Rampage  .   (no gloves)
Will     +....                  (boots unavailable)
Stlth    +++.......             d - amulet of regeneration
HPRegen  1.23/turn              k - +4 ring of protection
MPRegen  0.00/turn              O - +4 ring of slaying

@: flying, studying Maces & Flails
A: sickness immunity, fire resistance 2, cold vulnerability 1, float, innate
caster, hp casting, extra vitality 1
a: Renounce Religion, Curse Item, Shatter the Chains


You were on level 12 of the Dungeon.
You worshipped Ashenzari.
Ashenzari was aware of your devotion.
You visited 1 branch of the dungeon, and saw 12 of its levels.

You collected 595 gold pieces.

Inventory:

Hand Weapons
 g - a +1 vorpal flail
 u - a +4 dagger of venom (weapon)
 F - a +0 whip of electrocution
 I - a +2 short sword of holy wrath
 P - the +7 mace of Variability {chain chaos}
   (You found it on level 11 of the Dungeon)

   Each time it hits an enemy it has a different, random effect.
Missiles
 h - 9 atropa-tipped darts
 K - 5 boomerangs of dispersal
 M - 5 curare-tipped darts
 N - 3 throwing nets
Armour
 a - the cursed +0 cloak "Pleiades of the Sphere" (worn) {Fort, Self}
   (You found it on level 4 of the Dungeon)

   It has a curse which improves the following skills: Fortitude: Armour and
   Shields.
   Introspection: Fighting and Spellcasting.
 m - the cursed +2 robe "Oblivion of Ashenzari" (worn) {rF+, Range, Self}
   (You took it off Jessica on level 2 of the Dungeon)

   It has a curse which improves the following skills: Ranged Combat: Slings,
   Bows, Crossbows and Throwing.
   Introspection: Fighting and Spellcasting.
 Q - a scarf of repulsion
Jewellery
 d - an amulet of regeneration (around neck)
 k - a +4 ring of protection (left hand)
 w - an amulet of the acrobat
 H - an amulet of reflection
 J - a +6 ring of dexterity
 O - a +4 ring of slaying (right hand)
 R - a +4 ring of evasion
Wands
 f - a wand of flame (29)
 y - a wand of mindburst (10)
 A - a wand of acid (5)
 C - a wand of iceblast (21)
 E - a wand of polymorph (20)
Scrolls
 b - 2 scrolls of holy word
 i - a scroll of vulnerability
 l - 3 scrolls of immolation
 n - a scroll of brand weapon
 p - a scroll of summoning
 q - a scroll of fog
 t - 5 scrolls of enchant armour
 v - a scroll of magic mapping
 x - 5 scrolls of teleportation
 D - a scroll of enchant weapon
 G - a scroll of fear
 L - a scroll of blinking
Potions
 c - 5 potions of curing
 e - a potion of brilliance
 j - a potion of haste
 o - 2 potions of heal wounds
 r - 4 potions of might
 s - 3 potions of lignification
 z - 3 potions of ambrosia
 B - a potion of invisibility


   Skills:
 + Level 2.6(4.0) Fighting
 + Level 1.9 Short Blades
 + Level 6.2 Dodging
 + Level 5.0 Stealth
 + Level 15.5(16.7) Spellcasting


You had 15 spell levels left.
You knew the following spells:

 Your Spells              Type           Power      Damage    Failure   Level
a - Foxfire               Conj/Fire      100%       2x1d9     0%          1
b - Conjure Flame         Conj/Fire      73%        6-21      0%          3
c - Inner Flame           Hex/Fire       73%        N/A       0%          3
d - Sticky Flame          Conj/Fire      73%        2d9       1%          4
e - Fireball              Conj/Fire      36%        3d15      1%          5
f - Shock                 Conj/Air       100%       1d9       0%          1
g - Static Discharge      Conj/Air       73%        N/A       0%          2
h - Call Imp              Summ           73%        N/A       0%          2
i - Dispel Undead         Necr           73%        3d24      1%          4
j - Summon Lightning Spi  Summ/Air       73%        N/A       1%          4
Your spell library was empty.

Dungeon Overview and Level Annotations

Branches:
Dungeon (12/15)            Temple (0/1) D:7            Lair (0/6) D:9
    Orc (0/2) D:9

Altars:
Ashenzari
Cheibriados
Nemelex Xobeh
Qazlal
Ru
Sif Muna
Trog
Xom
The Shining One

Shops:
D:6 :   D:10 (

Annotations:
D:2 1 runed translucent door, Crazy Yiuf
D:3 1 runed translucent door, Scarexists's ghost, amateur HuFi
D:7 1 runed translucent door, Demosthentine's ghost, novice MfGl
D:12 Azrael


Innate Abilities, Weirdness & Mutations

You are immune to sickness and miasma.
You are immune to poison.
Your flesh is very heat resistant. (rF++)
You are vulnerable to cold. (rC-)
You float through the air rather than walking.
You learn spells naturally, not from books.
Your magical power is your life essence.
You have superior vitality. (+4 HP)


Message History

The boulder beetle is moderately wounded.
A fire elemental comes into view.
The boulder beetle misses you.
The boulder beetle stops rolling and uncurls.
Casting: Fireball (safe; 1% risk of failure)
Confirm with . or Enter, or press ? or * to list all spells.
Aiming: Sticky Flame (safe; 1% risk of failure)
Press: ? - help, Shift-Dir - straight line, f/p - boulder beetle
Aim: a boulder beetle (moderately wounded, 100% to hit)
The sticky flame hits the boulder beetle but does no damage.
The boulder beetle is moderately wounded.
The boulder beetle is covered in liquid flames!
The boulder beetle burns!
A hell hound comes into view.
The boulder beetle bites you!
A hell hound comes into view.
The boulder beetle burns!
The boulder beetle burns!
The hell hound breathes flames at you. The blast of flame hits you. You resist.
Azrael the Boundless Flame comes into view.
He is wielding a +0 scimitar of flaming.
Unknown command.
The boulder beetle burns!
The boulder beetle stops burning.
The boulder beetle curls into a ball and begins rolling!
Casting: Sticky Flame (safe; 1% risk of failure)
Confirm with . or Enter, or press ? or * to list all spells.
Aiming: Fireball (safe; 1% risk of failure)
Press: ? - help, Shift-Dir - straight line, f/p - boulder beetle
Aim: a boulder beetle (heavily wounded, rolling)
The fireball explodes!
The fireball engulfs the boulder beetle!
The boulder beetle is heavily wounded.
Unknown command.
Casting: Fireball (safe; 1% risk of failure)
Confirm with . or Enter, or press ? or * to list all spells.
An electric hum fills the air.
The fire elemental barely misses your lightning spire.
The boulder beetle hits you!!!
Ouch! That really hurt!
You die...

....!...#
........#
○○R.....#
R.○.....#
.h.°...$#
....☼hh.#
######E°#
#8B# #.@#
#..# #..#
#..#
######)†#
........†#
########.#
#.# #.#


You could see Azrael, a boulder beetle (rolling, ally target), a fire elemental,
2 hell hounds and a friendly lightning spire (summoned).

Vanquished Creatures
  Josephine (D:10)
  Harold (D:10)
  A death knight (D:11)
  Urug (D:10)
  A skeletal warrior (D:11)
  3 cyclopes (D:11)
  2 manticores (D:11)
  Psyche (D:11)
  2 unseen horrors
  2 kobold demonologists
  2 freezing wraiths (D:11)
  A troll (D:11)
  2 shadows
  A wyvern (D:10)
  7 wraiths
  14 yaks
  A steam dragon (D:9)
  2 chaos spawn (D:11)
  Grum (D:9)
  A warg (D:9)
  6 water moccasins
  3 black bears
  A sky beast (D:6)
  5 ogres (D:8)
  An ice beast (D:5)
  9 orc warriors
  A hornet zombie (D:6)
  2 necrophages (D:5)
  4 wolves (D:9)
  6 centaurs
  14 kobold brigands
  4 scorpions
  9 bullfrogs
  A wyvern skeleton (D:6)
  A water moccasin skeleton (D:5)
  5 killer bees (D:9)
  10 wights
  3 howler monkeys
  9 centaur zombies
  2 bullfrog zombies (D:6)
  3 hounds (D:5)
  A jelly (D:4)
  8 orc priests
  3 bullfrog skeletons
  3 gnoll shamans
  3 centaur skeletons
  Jessica (D:2)
  Ijyb (D:5)
  3 iguanas
  10 orc wizards
  4 killer bee zombies
  A hound skeleton (D:4)
  A howler monkey zombie (D:6)
  15 gnolls
  7 adders
  A howler monkey skeleton (D:5)
  A white imp (D:6)
  2 adder skeletons (D:4)
  An adder zombie (D:5)
  A dart slug (D:5)
  33 orcs
  8 endoplasms
  4 giant cockroaches
  7 goblins
  3 hobgoblins
  13 jackals
  2 quokkas
  9 ball pythons
  6 bats
  2 frilled lizards
  17 kobolds
  6 rats
323 creatures vanquished.

Vanquished Creatures (collateral kills)
  2 foxfires (D:6)
2 creatures vanquished.

Vanquished Creatures (others)
  A wizard (D:8)
  864 foxfires
  33 fungi
  33 plants
931 creatures vanquished.

Grand Total: 1256 creatures vanquished

Notes
Turn   | Place    | Note
-------+----------+-------------------------------------------
     0 | D:1      | robertstho the Djinni Fire Elementalist began the quest for
                  | the Orb.
     0 | D:1      | Reached XP level 1. HP: 15/15 MP: 0/0
   346 | D:1      | Reached skill level 3 in Spellcasting
   411 | D:1      | Reached XP level 2. HP: 20/21 MP: 0/0
   925 | D:1      | Reached XP level 3. HP: 21/25 MP: 0/0
   925 | D:1      | Learned a level 1 spell: Shock
  1939 | D:2      | Noticed Jessica
  1962 | D:2      | Killed Jessica
  1963 | D:2      | Reached skill level 4 in Spellcasting
  1963 | D:2      | Reached XP level 4. HP: 14/31 MP: 0/0
  2182 | D:2      | Found a runed translucent door.
  2183 | D:2      | Noticed Crazy Yiuf
  2978 | D:3      | Reached XP level 5. HP: 26/35 MP: 0/0
  2978 | D:3      | Learned a level 2 spell: Static Discharge
  3086 | D:3      | Found a runed translucent door.
  3088 | D:3      | Noticed Scarexists's ghost (amateur HuFi)
  4264 | D:4      | Noticed a black bear
  4271 | D:4      | Killed a black bear
  4272 | D:4      | Reached skill level 5 in Spellcasting
  4272 | D:4      | Reached XP level 6. HP: 33/40 MP: 0/0
  5158 | D:4      | Found a broken altar of Ashenzari.
  5275 | D:4      | Found a stormy altar of Qazlal.
  5347 | D:4      | Became a worshipper of Ashenzari the Shackled
  5347 | D:4      | Identified a scroll of acquirement
  5419 | D:4      | Acquired an amulet of regeneration
  5661 | D:5      | Entered Level 5 of the Dungeon
  5668 | D:5      | Reached skill level 6 in Spellcasting
  5668 | D:5      | Reached XP level 7. HP: 45/45 MP: 0/0
  5668 | D:5      | Learned a level 2 spell: Call Imp
  5826 | D:5      | Reached skill level 7 in Spellcasting
  5826 | D:5      | Reached XP level 8. HP: 21/50 MP: 0/0
  5891 | D:5      | Found a glowing golden altar of the Shining One.
  6193 | D:5      | Noticed Ijyb
  6199 | D:5      | Killed Ijyb
  6389 | D:5      | Reached skill level 8 in Spellcasting
  6857 | D:6      | Reached XP level 9. HP: 52/55 MP: 0/0
  6857 | D:6      | Learned a level 4 spell: Dispel Undead
  6883 | D:6      | Found a glowing drain.
  6937 | D:6      | Found Kirphaefe's Book Shop.
  6986 | D:6      | Reached skill level 9 in Spellcasting
  7514 | D:7      | Reached skill level 10 in Spellcasting
  7548 | D:7      | Found a staircase to the Ecumenical Temple.
  7659 | D:7      | Found a runed translucent door.
  7664 | D:7      | Noticed Demosthentine's ghost (novice MfGl)
  7703 | D:7      | Noticed a kobold demonologist
  7709 | D:7      | Noticed an orange demon
  7716 | D:7      | Noticed a smoke demon
  7734 | D:7      | Noticed a sixfirhy
  7735 | D:7      | Killed a kobold demonologist
  7816 | D:7      | Found a sacrificial altar of Ru.
  8024 | D:7      | Reached XP level 10. HP: 59/62 MP: 0/0
  8209 | D:8      | Identified the +8 rapier of Integrity {freeze, Will+++
                  | Str+4 Int-5}
  8979 | D:8      | Reached skill level 1 in Fighting
  8979 | D:8      | Reached skill level 11 in Spellcasting
  9057 | D:8      | Reached skill level 5 in Dodging
  9471 | D:8      | Found a bloodstained altar of Trog.
  9474 | D:8      | Noticed a wizard
  9481 | D:8      | Killed a wizard
  9631 | D:9      | Noticed Grum
  9634 | D:9      | Killed Grum
  9687 | D:9      | Reached skill level 12 in Spellcasting
  9750 | D:9      | Reached skill level 1 in Short Blades
  9856 | D:9      | Reached XP level 11. HP: 52/68 MP: 0/0
  9856 | D:9      | Learned a level 4 spell: Summon Lightning Spire
  9936 | D:9      | Found a staircase to the Orcish Mines.
 10016 | D:9      | Found a staircase to the Lair.
 10151 | D:9      | Reached * piety under Ashenzari
 10232 | D:9      | Reached skill level 13 in Spellcasting
 10322 | D:10     | Entered Level 10 of the Dungeon
 10350 | D:10     | Found a shimmering altar of Xom.
 10351 | D:10     | Found a snail-covered altar of Cheibriados.
 10389 | D:10     | Noticed Urug
 10394 | D:10     | Killed Urug
 10457 | D:10     | Found Reeth's Antique Weapon Boutique.
 10533 | D:10     | Found a sparkling altar of Nemelex Xobeh.
 10797 | D:10     | Noticed Josephine
 10802 | D:10     | Killed Josephine
 10803 | D:10     | Reached skill level 14 in Spellcasting
 10988 | D:10     | Noticed Harold
 10993 | D:10     | Killed Harold
 10994 | D:10     | Reached XP level 12. HP: 60/76 MP: 0/0
 11106 | D:11     | Found a shimmering altar of Xom.
 11107 | D:11     | Found the +7 mace of Variability {chain chaos}
 11176 | D:11     | Noticed Psyche
 11179 | D:11     | Killed Psyche
 11186 | D:11     | Acquired a scarf of repulsion
 11676 | D:11     | Noticed a death knight
 11677 | D:11     | Reached skill level 5 in Stealth
 11679 | D:11     | Reached skill level 15 in Spellcasting
 11679 | D:11     | Killed a death knight
 12378 | D:12     | Noticed a boulder beetle
 12389 | D:12     | Noticed Azrael
 12392 | D:12     | Mangled by a boulder beetle

Illustrated notes

Levels and vault maps discovered:
D:1:      scummos_arrival_simple_crosswalls, layout_basic
D:2:      layout_loops_ring, uniq_crazy_yiuf_cottage, uniq_jessica
D:3:      layout_basic, ebering_ghost_inner_flame, kennysheep_generic_room_5
D:4:      layout_gridville, general_overflow_altar, kennysheep_mini_moat,
          minmay_manual_mess
D:5:      layout_cave_pods, tso_metal_star, grunt_ministairs_2, uniq_ijyb
D:6:      layout_loops_cross, serial_undead, serial_undead_e, serial_undead_e,
          serial_undead_b, serial_undead_a, serial_undead_b, serial_undead_a,
          gup_sewer_entry_glass, serial_shops, shop
D:7:      layout_loops_cross, marbit_many_paths,
          minmay_temple_entry_sparse_star, hellmonk_ghost_happy_afterlife
D:8:      kennysheep_seaside_town, layout_loops_ring,
          lemuel_coloured_pillars_altar, trog_wizard, minmay_misc_feat_cross,
          due_unseen_surprise
D:9:      layout_roguey, due_lair_maze_entry_diamond, david_orc_3, uniq_grum
D:10:     layout_roguey [special_room_kobold], old_standard_altar,
          grunt_temple_overflow_open, serial_shops, nicolae_shop_trees,
          uniq_harold, uniq_urug, uniq_josephine
D:11:     layout_stronghold, hex_tiny, minmay_guarded_unrand_variability,
          uniq_psyche
D:12:     layout_long_grid, serial_shops, shop_coins, patterned_corridor,
          uniq_azrael

Skill      XL: |  1  2  3  4  5  6  7  8  9 10 11 12 |
---------------+-------------------------------------+-----
Spellcasting   | 3 4 5 6 7 8 10 12 14 15 | 15.5
Stealth        | 2 3 4 5 |  5.0
Dodging        | 4 5 6 |  6.2
Fighting       | 1 2 |  2.6
Short Blades   | 1 |  1.9

Action                   |  1- 3 |  4- 6 |  7- 9 | 10-12 || total
-------------------------+-------+-------+-------+-------++-------
Melee: Dagger            |       |       |     7 |    34 ||    41
 Cast: Foxfire           |    91 |   150 |   278 |    19 ||   538
       Sticky Flame      |       |       |    27 |    26 ||    53
       Fireball          |       |       |       |   178 ||   178
       Summon Lightning  |       |       |       |     1 ||     1
Invok: Curse Item        |       |       |     1 |     1 ||     2
  Use: Scroll            |       |     5 |       |     1 ||     6
       Potion            |       |       |       |     3 ||     3
Armor: Robe              |     2 |     6 |    49 |    42 ||    99
Dodge: Dodged            |     4 |     9 |    69 |    56 ||   138

Table legend: (Time is in decaauts)
 A = Elapsed time spent in this place.
 B = Non-inter-level travel time spent in this place.
 C = Inter-level travel time spent in this place.
 D = Time resting spent in this place.
 E = Time spent auto-exploring this place.
 F = Levels seen in this place.
 G = Mean time per level.
                   A        B        C        D        E       F      G
               +--------+--------+--------+--------+--------+-----+--------+
         Total |  12392 |  11573 |    819 |    189 |   9830 |  12 | 1032.7 |
       Dungeon |  12392 |  11573 |    819 |    189 |   9830 |  12 | 1032.7 |
               +--------+--------+--------+--------+--------+-----+--------+

Top non-repeatable levels by time:
     D:3: 1658 daAuts
     D:4: 1486 daAuts
     D:1: 1483 daAuts
    D:11: 1234 daAuts
     D:8: 1194 daAuts
     D:5: 1117 daAuts
     D:2: 1102 daAuts
     D:7: 854 daAuts
     D:6: 765 daAuts
    D:10: 740 daAuts
     D:9: 685 daAuts
    D:12: 68 daAuts
